 Dungeon Crawl Stone Soup version 0.28.0-62-gf88900778d (webtiles) character file.

Game seed: 10260585142955354490

448 cbfl8 the Chopper (level 6, -3/48 HPs)
             Began as a Demonspawn Fighter on Mar 21, 2024.
             Slain by a two-headed ogre
             ... wielding a +0 giant club
              (20 damage)
             ... on level 4 of the Dungeon.
             The game lasted 00:04:24 (3887 turns).

cbfl8 the Chopper (Demonspawn Fighter)              Turns: 3887, Time: 00:04:24

Health: -3/48      AC: 10    Str: 16    XL:     6   Next: 73%
Magic:  6/6        EV:  8    Int: 10    God:
Gold:   126        SH:  5    Dex: 14    Spells: 5/5 levels left

rFire   . . .      SeeInvis +   a - +0 war axe
rCold   . . .      Faith    .   c - +0 buckler
rNeg    . . .      Spirit   .   b - +0 scale mail
rPois   .          Reflect  .   m - +2 helmet
rElec   .          Harm     .   (no cloak)
rCorr   .          Rampage  .   (no gloves)
Will    .....                   (no boots)
Stlth   ..........              u - amulet of the acrobat
HPRegen 0.16/turn               h - ring of see invisible
MPRegen 0.10/turn               (no ring)

@: mighty
A: ignite blood 2, spiny 1, demonic touch 1
a: no special abilities


You were on level 4 of the Dungeon.
You visited 1 branch of the dungeon, and saw 4 of its levels.

You collected 126 gold pieces.

Inventory:

Hand Weapons
 a - a +0 war axe (weapon)
Armour
 b - a +0 scale mail (worn)
 c - a +0 buckler (worn)
 m - a +2 helmet (worn)
Jewellery
 h - a ring of see invisible (left hand)
 u - an amulet of the acrobat (around neck)
Wands
 t - a wand of flame (10) (quivered)
 v - a wand of polymorph (8)
Scrolls
 e - a scroll of blinking {unknown}
 f - a scroll of fear {unknown}
 j - a scroll of noise {unknown}
 k - a scroll of enchant weapon {unknown}
 n - a scroll of teleportation {unknown}
 o - a scroll of immolation {unknown}
 q - a scroll of fog {unknown}
 s - 3 scrolls of identify {unknown}
 w - a scroll of holy word {unknown}
 x - a scroll of amnesia {unknown}
Potions
 g - a potion of lignification {unknown}
 i - a potion of invisibility {unknown}
 l - a potion of curing {unknown}
 p - 2 potions of ambrosia {unknown}
 r - 2 potions of heal wounds {unknown}


   Skills:
 + Level 3.7 Fighting
 + Level 4.1 Axes
 + Level 4.0 Armour
 + Level 3.2 Shields
 + Level 0.1 Unarmed Combat
 * Level 3.1 Evocations


You had 5 spell levels left.
You didn't know any spells.
Your spell library was empty.

Dungeon Overview and Level Annotations

Branches:
Dungeon (4/15)
 Temple: D:4-7

Altars:

Shops:
D:2 =*[*   D:3 [

Annotations:
D:3 Terence


Innate Abilities, Weirdness & Mutations

Your demonic aura often causes spilled blood to erupt in flames.
You are partially covered in sharp spines.
Your touch may inflict minor irresistible damage on your foes.


Message History

28 stones; an adder corpse
There is an open door here.
The endoplasm hits you but does no damage.
Aiming: Throw Flame
Press: ? - help, Q - select action, (/) - cycle Shift-Dir - straight line, f - two-headed ogre
Aim: a two-headed ogre, wielding a +0 giant club and a +0 giant spiked club (86% to hit)
The puff of flame hits the endoplasm!
You kill the endoplasm!
Aiming: Throw Flame
Press: ? - help, Q - select action, (/) - cycle Shift-Dir - straight line, f/p - two-headed ogre
Aim: a two-headed ogre, wielding a +0 giant club and a +0 giant spiked club (86% to hit)
The puff of flame hits the two-headed ogre.
The two-headed ogre is lightly wounded.
Unknown command.
Aiming: Throw Flame
Press: ? - help, Q - select action, (/) - cycle Shift-Dir - straight line, f/p - two-headed ogre
Aim: a two-headed ogre, wielding a +0 giant club and a +0 giant spiked club (lightly wounded, 86% to hit)
The puff of flame hits the two-headed ogre.
The two-headed ogre is lightly wounded.
Aiming: Throw Flame
Press: ? - help, Q - select action, (/) - cycle Shift-Dir - straight line, f/p - two-headed ogre
Aim: a two-headed ogre, wielding a +0 giant club and a +0 giant spiked club (lightly wounded, 86% to hit)
The puff of flame hits the two-headed ogre!
The two-headed ogre is moderately wounded.
Aiming: Throw Flame
Press: ? - help, Q - select action, (/) - cycle Shift-Dir - straight line, f/p - two-headed ogre
Aim: a two-headed ogre, wielding a +0 giant club and a +0 giant spiked club (moderately wounded, 86% to hit)
The puff of flame hits the two-headed ogre.
The two-headed ogre is moderately wounded.
You feel very mighty all of a sudden.
The two-headed ogre hits you with a +0 giant club.
The two-headed ogre hits you with a +0 giant spiked club!!
You hit the two-headed ogre.
The two-headed ogre is heavily wounded.
The two-headed ogre closely misses you. You block the two-headed ogre's attack.
You hit the two-headed ogre.
The two-headed ogre is heavily wounded.
The two-headed ogre is struck by your spines.
The two-headed ogre hits you with a +0 giant club!!
You die...

#....#.#.##
...
..'....#.#..#
#.#
#..##.#...
#.##.# #.#
#..#.#... #.
#.###.#
#...#..
#..##.#
#....#
##.##.# #...#
#..#.#
#..)######
##.#.#
#..('.O@☼#
#...#
#....####.#
##.[# #.#...#
#.# #...# #.
#..## #.#
#...# #O #.##
#.####.#># ..
.. #.#....###
. ...
#.#....# ###.
#......#
########


You could see a two-headed ogre.

Vanquished Creatures
  An ogre (D:4)
  A centaur (D:3)
  A jelly (D:4)
  An orc priest (D:4)
  Jessica (D:2)
  Ijyb (D:3)
  Robin (D:2)
  6 adders
  A worm (D:4)
  4 dart slugs
  6 orcs
  5 bats
  7 endoplasms
  14 goblins
  8 hobgoblins
  7 jackals
  2 quokkas
  5 ball pythons
  5 frilled lizards
  6 kobolds
  6 rats
89 creatures vanquished.

Notes
Turn   | Place    | Note
-------+----------+-------------------------------------------
     0 | D:1      | cbfl8 the Demonspawn Fighter began the quest for the Orb.
     0 | D:1      | Reached XP level 1. HP: 18/18 MP: 1/1
   224 | D:1      | Gained mutation: Your demonic aura sometimes causes spilled
                  | blood to erupt in flames. [demonic ancestry]
   224 | D:1      | Reached XP level 2. HP: 17/24 MP: 2/2
   647 | D:1      | Found a faded altar of an unknown god.
  1085 | D:2      | Found Raddatut's Armour Emporium.
  1101 | D:2      | Noticed Robin
  1395 | D:1      | Gained mutation: You are partially covered in sharp spines.
                  | [demonic ancestry]
  1395 | D:1      | Reached XP level 3. HP: 19/29 MP: 1/3
  1512 | D:2      | Killed Robin
  1513 | D:2      | Reached skill level 1 in Evocations
  1632 | D:2      | Found Tioluj's Assorted Antiques.
  1733 | D:2      | Noticed Jessica
  1741 | D:2      | Killed Jessica
  1742 | D:2      | Gained mutation: Your touch may inflict minor irresistible
                  | damage on your foes. [demonic ancestry]
  1742 | D:2      | Reached XP level 4. HP: 35/35 MP: 4/4
  1768 | D:2      | Found Itysuug's General Store.
  2192 | D:2      | Found Fiv Vaurgh's Jewellery Shop.
  2578 | D:3      | Noticed Terence
  2608 | D:2      | Reached XP level 5. HP: 20/41 MP: 5/5
  3080 | D:3      | Noticed a centaur
  3085 | D:3      | Killed a centaur
  3471 | D:3      | Found Zatrocri's Antique Armour Emporium.
  3488 | D:3      | Noticed Ijyb
  3498 | D:3      | Killed Ijyb
  3616 | D:4      | Noticed an ogre
  3626 | D:4      | Killed an ogre
  3627 | D:4      | Gained mutation: Your demonic aura often causes spilled
                  | blood to erupt in flames. [demonic ancestry]
  3627 | D:4      | Reached XP level 6. HP: 46/48 MP: 6/6
  3873 | D:4      | Noticed a two-headed ogre
  3887 | D:4      | Slain by a two-headed ogre

Illustrated notes

Levels and vault maps discovered:
D:1:      dpeg_arrival_signposts, layout_basic, shapermc_ecumenical_altar_venn
D:2:      layout_basic, serial_shops, shop, nicolae_diamond_shop, shop, shop,
          uniq_robin, uniq_jessica
D:3:      layout_loops_ring, serial_shops, nicolae_shop_trees, uniq_terence,
          uniq_ijyb
D:4:      layout_basic, minmay_manual_mail

Skill      XL: |  1  2  3  4  5  6 |
---------------+-------------------+-----
Axes           | 2 3 4 |  4.1
Evocations     | 1 2 3 |  3.1
Armour         | 3 4 |  4.0
Shields        | 3 |  3.2
Fighting       | |  3.7
Unarmed Combat | |  0.1

Action                   |  1- 3 |  4- 6 || total
-------------------------+-------+-------++-------
Melee: War axe           |    63 |   108 ||   171
       Unarmed           |       |     6 ||     6
Evoke: Wand              |       |     5 ||     5
  Use: Potion            |       |     2 ||     2
Armor: Scale mail        |    30 |    59 ||    89
Dodge: Dodged            |    26 |    51 ||    77
Block: Buckler           |    19 |    38 ||    57
